 Dungeon Crawl Stone Soup version 0.30-a0-23-ge60ba3568b (webtiles) character file.

Game seed: 14793202412978445084

145353 snarfax the Slayer (level 16, -11/167 HPs)
             Began as a Minotaur Fighter on Aug 25, 2022.
             Was an Initiate of Yredelemnul.
             Mangled by a large abomination (20 damage)
             ... on level 5 of the Abyss.
             The game lasted 02:10:34 (34826 turns).

snarfax the Slayer (Minotaur Fighter)              Turns: 34826, Time: 02:10:34

Health: -11/167    AC: 35    Str: 32    XL:     16   Next: 87%
Magic:  0/20       EV:  8    Int:  5    God:    Yredelemnul [......]
Gold:   2016       SH: 13    Dex: 11    Spells: 15/15 levels left

rFire   + . .      SeeInvis .    e - +1 broad axe
rCold   . . .      Faith    .    Y - +2 kite shield {AC+3}
rNeg    + . .      Spirit   +    i - +0 plate armour
rPois   .          Reflect  .    Q - +2 hat
rElec   .          Harm     .    O - +1 cloak
rCorr   .          Rampage  .    C - +2 pair of gloves {infuse}
Will    ++...                    (no boots)
Stlth   ..........               t - amulet "Xosonn" {Spirit rF+ Will+ Str+4}
HPRegen 0.00/turn                s - +4 ring of protection
MPRegen 0.17/turn                D - ring of positive energy

@: on berserk cooldown, sick, slowed, very slow
A: horns 2, retaliatory headbutt
a: Renounce Religion, Recall Undead Harvest


You were on level 5 of the Abyss.
You worshipped Yredelemnul.
Yredelemnul was noncommittal.
You visited 5 branches of the dungeon, and saw 27 of its levels.
You visited the Abyss 1 time.

You collected 3436 gold pieces.
You spent 1420 gold pieces at shops.

Inventory:

Hand Weapons
 e - a +1 broad axe (weapon)
 I - a +2 antimagic war axe
 P - a +4 scimitar of flaming
 X - a +2 war axe of freezing
Missiles
 g - 7 javelins
 m - 35 boomerangs (quivered)
 w - 36 poisoned darts
 A - 2 boomerangs of dispersal
 K - 6 datura-tipped darts
 R - 4 curare-tipped darts
 T - 2 silver boomerangs
Armour
 a - the +1 ring mail "Etacs" {Will+}
   (You found it on level 13 of the Dungeon)

   Will:      It increases your willpower.
 b - a +0 tower shield
 i - a +0 plate armour (worn)
 C - a +2 pair of gloves of infusion (worn)
 O - a +1 cloak (worn)
 Q - a +2 hat (worn)
 Y - a +2 kite shield of protection (worn)
Jewellery
 c - the ring "Waren" {rF- rC++ EV+4 Str+2}
   (You found it on level 2 of the Shoals)

   [ring of evasion]

   EV:        It affects your evasion (+4).
   Str:       It affects your strength (+2).
   rF:        It makes you vulnerable to fire.
   rC:        It greatly protects you from cold.
 n - a ring of resist corrosion
 s - a +4 ring of protection (left hand)
 t - the amulet "Xosonn" (around neck) {Spirit rF+ Will+ Str+4}
   (You found it on level 3 of the Dungeon)

   [amulet of guardian spirit]

   It causes incoming damage to be divided between your reserves of health and
   magic.
   Str:       It affects your strength (+4).
   rF:        It protects you from fire.
   Will:      It increases your willpower.
 D - a ring of positive energy (right hand)
 J - a ring of positive energy
 V - an amulet of faith
 Z - an amulet of reflection
Wands
 o - a wand of roots (37)
 y - a wand of digging (15)
 B - a wand of paralysis (31)
 H - a wand of quicksilver (21)
 M - a wand of mindburst (29)
 U - a wand of flame (12)
Scrolls
 r - 10 scrolls of teleportation
 F - 8 scrolls of identify
 G - 4 scrolls of enchant armour
 L - a scroll of silence
 N - 3 scrolls of magic mapping
 S - 2 scrolls of fear
Potions
 d - a potion of might
 h - 7 potions of brilliance
 j - 4 potions of curing
 l - 7 potions of lignification
 q - 5 potions of resistance
 v - 5 potions of cancellation
 x - 4 potions of magic
 z - 2 potions of ambrosia
 E - 3 potions of flight
 W - 4 potions of mutation


   Skills:
 + Level 21.1 Fighting
 - Level 18.0 Axes
 + Level 21.1 Armour
 - Level 10.0 Shields
 - Level 7.0 Invocations


You had 15 spell levels left.
You didn't know any spells.
Your spell library contained the following spells:

 Spells                   Type           Power      Damage    Failure   Level
 Apportation              Tloc           0%         N/A       99%         1
 Magic Dart               Conj           0%         1d3       99%         1
 Necrotise                Necr           0%         1d4       99%         1
 Shock                    Conj/Air       0%         1d3       99%         1
 Slow                     Hex            0%         N/A       99%         1
 Call Imp                 Summ           0%         N/A       99%         2
 Static Discharge         Conj/Air       0%         3-3/arc   99%         2
 Confusing Touch          Hex            0%         N/A       100%        3
 Dazzling Flash           Conj/Hex       0%         N/A       100%        3
 Frozen Ramparts          Ice            0%         1d1       100%        3
 Mephitic Cloud           Conj/Pois/Air  0%         N/A       100%        3
 Swiftness                Air            0%         N/A       100%        3
 Vampiric Draining        Necr           0%         2d6       100%        3
 Airstrike                Air            0%         2d(0-16)  100%        4
 Anguish                  Hex/Necr       0%         N/A       100%        4
 Dispel Undead            Necr           0%         3d6       100%        4
 Ice Form                 Ice/Tmut       0%         N/A       100%        4
 Sticky Flame             Conj/Fire      0%         2d3       100%        4
 Summon Ice Beast         Ice/Summ       0%         N/A       100%        4
 Agony                    Necr           0%         N/A       100%        5
 Alistair's Intoxication  Tmut/Pois      0%         N/A       100%        5
 Silence                  Hex/Air        0%         N/A       100%        5
 Enfeeble                 Hex            0%         N/A       100%        7


Dungeon Overview and Level Annotations

Branches:
Dungeon (15/15)            Temple (1/1) D:6            Lair (5/5) D:8
 Shoals (4/4) Lair:3       Spider (0/4) Lair:3        Slime (0/5) Lair:4
    Orc (2/2) D:9             Elf (0/3) Orc:2        Vaults (0/5) D:13
 Depths (0/4) D:15

Altars:
Ashenzari
Elyvilon
Fedhas
Gozag
Hepliaklqana
Makhleb
Nemelex Xobeh
Okawaru
Qazlal
Ru
Trog
Uskayaw
Wu Jian
Xom
Yredelemnul
Zin
The Shining One
Jiyva

Shops:
D:13 (   Orc:1 ?   Orc:2 [(=?!

Annotations:
Lair:1 1 runed translucent door, Jethan's ghost, journeyman DjHW
Lair:4 1 runed translucent door


Innate Abilities, Weirdness & Mutations

You have a pair of horns on your head.
You reflexively headbutt those who attack you in melee.


Message History

You destroy the starcursed mass!
You slash the starcursed mass!
The starcursed mass shudders and is absorbed by its neighbour.
The starcursed mass shrieks in your mind.
* * * LOW HITPOINT WARNING * * *
You slice the starcursed mass!! You headbutt the starcursed mass!
You destroy the starcursed mass!
You feel a strong urge to attack something.
You slice the blizzard demon!! You headbutt the blizzard demon.
The blizzard demon is severely wounded.
The blizzard demon hits you.
* * * LOW HITPOINT WARNING * * *
The blizzard demon barely misses you.
You completely miss the blizzard demon. You headbutt the blizzard demon!
The blizzard demon is severely wounded.
You hit the blizzard demon but do no damage.
You headbutt the blizzard demon!
The blizzard demon is almost dead.
You block the blizzard demon's attack. x2
You slash the blizzard demon!
You kill the blizzard demon!
You are no longer berserk.
You are exhausted.
You feel yourself slow down.
You start resting.
A ynoxinul comes into view.
A large abomination comes into view.
You block the ynoxinul's attack.
You barely miss the ynoxinul. You headbutt the ynoxinul!
The ynoxinul is moderately wounded.
The ynoxinul barely misses you.
You slice the ynoxinul!!
You kill the ynoxinul!
A black mist starts to gather...
The large abomination attacks as you move away!
The large abomination hits you.
* * * LOW HITPOINT WARNING * * *
The large abomination hits you!!
You die...
Your body rises from the dead as a mindless zombie.

.# ## ..
.# #3#. .
..##φ
###⌠###
.#...# #
#.###..###
. #......#
.#
.###.#Z@##
. .
##..#X#
#...##.#
#.
####....#
.#. .
#.#.##.# #
. # ..#. #
. . .##...
# .#.
###.# .


You could see a large abomination (ally target) and a friendly spectral
ynoxinul.

Vanquished Creatures
  A tentacled starspawn (Abyss:4)
  2 frost giants (Shoals:2)
  A caustic shrike zombie (D:15)
  A deep elf elementalist (Abyss:2)
  Snorg (Lair:4)
  A blizzard demon (Abyss:5)
  A yaktaur captain (D:15)
  A fire dragon (Lair:5)
  5 hydras
  A death knight (D:15)
  2 boulder beetles
  3 two-headed ogres
  An ice dragon (Lair:4)
  Erica (D:11)
  A merfolk aquamancer (Shoals:4)
  3 merfolk avatars
  2 satyrs
  2 death yaks (Lair:4)
  5 centaur warriors
  A vampire mage (D:15)
  4 thrashing horrors (Abyss:4)
  An orc high priest (Orc:2)
  Sonja (Lair:4)
  Amaemon (D:8)
  5 skeletal warriors
  A sixfirhy (Abyss:2)
  A swamp dragon (Lair:5)
  A glowing orange brain (Abyss:2)
  10 sea snakes
  A wizard (Abyss:2)
  4 harpies
  3 orc knights
  A necromancer (D:15)
  A cyclops (D:12)
  7 orc sorcerers
  3 ugly things
  A sphinx skeleton (D:15)
  A salamander (Abyss:4)
  8 fauns
  5 large abominations
  6 manticores
  4 merfolk sirens
  3 black mambas
  2 water nymphs
  A smoke demon (Abyss:4)
  7 elephants
  An unseen horror (D:13)
  An orange demon (Lair:1)
  7 rime drakes
  5 cane toads
  A cane toad (shapeshifter) (Abyss:2)
  2 freezing wraiths
  3 yaktaurs (D:15)
  11 komodo dragons
  10 merfolk
  3 ancient zymes
  6 trolls
  A queen bee (shapeshifter) (D:12)
  Grinder (D:3)
  9 polar bears
  3 wind drakes
  A hornet (shapeshifter) (D:14)
  4 blink frogs
  15 dream sheep
  8 slime creatures (D:14)
  3 raiju (Lair:5)
  5 snapping turtles
  3 water elementals
  Sigmund (D:2)
  5 flying skulls (Abyss:4)
  A wraith (Abyss:5)
  A ynoxinul (Abyss:5)
  4 wyverns
  2 shadows
  46 yaks
  Eustachio (D:4)
  2 vampires
  3 basilisks
  A redback (shapeshifter) (D:13)
  Menkaure (D:4)
  3 steam dragons
  7 vampire mosquitoes
  3 wargs
  3 spatial vortices (Abyss:3)
  Duvessa (D:4)
  2 acid dragons
  12 hell hounds (Lair:5)
  13 water moccasins
  25 orc warriors
  2 sky beasts
  8 black bears
  8 ice beasts
  5 ogres
  4 centaurs
  12 wolves
  A kobold brigand (D:6)
  A necrophage (D:4)
  7 bullfrogs
  2 scorpions
  Dowan (D:4)
  2 small abominations
  A tengu zombie (D:15)
  5 killer bees
  4 howler monkeys
  2 electric eels
  5 starcursed masses (Abyss:5)
  3 jellies
  20 orc priests
  Crazy Yiuf (D:7)
  3 hounds
  An iron imp (Abyss:2)
  7 iguanas
  Natasha (thrice) (D:4)
  28 orc wizards
  5 centaur simulacra (D:8)
  A killer bee simulacrum (D:8)
  10 gnolls
  10 adders
  A shadow imp (D:6)
  A howler monkey simulacrum (D:8)
  9 white imps
  5 ufetubi
  A worm (D:2)
  2 dart slugs
  71 orcs
  3 bats
  6 endoplasms
  3 giant cockroaches
  7 goblins
  3 hobgoblins
  3 jackals (D:4)
  8 kobolds
  A quokka (D:4)
  3 ball pythons
  2 frilled lizards (D:3)
  4 rats
  A plant (Shoals:1)
  A starspawn tentacle (Abyss:4)
656 creatures vanquished.

Vanquished Creatures (collateral kills)
  A merfolk javelineer (Shoals:4)
  4 merfolk impalers
  A hydra (D:12)
  2 merfolk aquamancers (Shoals:4)
  A merfolk avatar (Shoals:4)
  A centaur warrior (D:14)
  A satyr (Shoals:4)
  3 death yaks (Lair:4)
  A titan zombie (D:15)
  2 skeletal warriors
  6 sea snakes
  4 harpies (Shoals:1)
  A kraken simulacrum (Shoals:2)
  An oklob plant (Lair:3)
  An ugly thing (D:11)
  2 wolf spiders (Lair:5)
  11 manticores
  2 fauns (Shoals:2)
  A torpor snail (Lair:3)
  A water nymph (Shoals:4)
  A black mamba (Lair:5)
  6 elephants (Lair:5)
  2 merfolk sirens
  5 cane toads
  A rime drake (Lair:5)
  A komodo dragon (Lair:5)
  A freezing wraith (D:15)
  A wind drake (Shoals:1)
  A hornet (D:9)
  10 merfolk
  5 polar bears
  3 blink frogs
  A troll (D:12)
  7 dream sheep
  A snapping turtle (Shoals:2)
  A slime creature (D:14)
  2 water elementals (Shoals:1)
  2 wraiths (D:15)
  A wyvern (D:10)
  4 alligator snapping turtle simulacra (Shoals:2)
  2 basilisks
  14 yaks
  A vampire mosquito (D:12)
  2 death yak simulacra (Shoals:2)
  3 sea snake simulacra (Shoals:2)
  5 wargs
  An acid dragon (D:11)
  2 hell hounds (Lair:5)
  2 orc warriors
  2 satyr simulacra (Shoals:2)
  A swamp drake (Lair:5)
  8 black bears (Lair:5)
  12 wolves
  2 bullfrogs
  3 faun simulacra (Shoals:2)
  3 killer bees
  A manticore simulacrum (Shoals:2)
  2 snapping turtle simulacra (Shoals:2)
  5 electric eels
  A gnoll bouda (D:9)
  An orc priest (D:9)
  2 cyclops simulacra (Shoals:2)
  2 iguanas (Lair:5)
  3 orc wizards
  3 centaur simulacra (Shoals:2)
  A killer bee simulacrum (D:8)
  A gnoll (D:9)
  11 orcs
  3 butterflies
  2 plants (Shoals:1)
204 creatures vanquished.

Vanquished Creatures (others)
  A centaur zombie (D:13)
  6 sea snake zombies
  A spectral glowing orange brain (Abyss:2)
  2 harpy zombies (Shoals:1)
  A hydra zombie (Lair:3)
  3 black mamba zombies
  2 wind drake zombies
  2 faun zombies
  A water nymph zombie (Shoals:4)
  16 merfolk zombies
  6 cane toad zombies
  A human zombie (Abyss:2)
  A two-headed ogre zombie (D:9)
  4 manticore zombies
  A hornet zombie (D:9)
  5 elephant zombies (Lair:5)
  A snapping turtle zombie (Shoals:4)
  3 blink frog zombies
  7 dream sheep zombies
  A vampire mosquito zombie (D:13)
  4 rime drake zombies
  A yaktaur zombie (D:15)
  2 komodo dragon zombies (Lair:5)
  A troll zombie (Lair:4)
  3 water moccasin zombies
  5 hell hound zombies (Lair:5)
  3 warg zombies
  14 yak zombies
  4 polar bear zombies
  2 raiju zombies (Lair:5)
  15 wolf zombies
  A basilisk zombie (Lair:5)
  7 black bear zombies (Lair:5)
  3 orc wizards (Orc:2)
  2 killer bee zombies
  2 ogre zombies (Orc:2)
  2 spectral electric eels (Lair:5)
  A swamp drake zombie (Lair:5)
  2 iguana zombies (Lair:5)
  A jelly zombie (D:6)
  A spectral white imp (D:8)
  An orc (D:8)
  A gnoll zombie (Orc:2)
  47 orc zombies
  A spectral ufetubus (D:8)
  60 fungi
  A lurking horror (Abyss:4)
  234 plants
  7 starspawn tentacles (Abyss:4)
  2 tentacles (Shoals:2)
  5 toadstools (D:6)
  2 withered plants (D:15)
502 creatures vanquished.

Grand Total: 1362 creatures vanquished

Notes
Turn   | Place    | Note
-------+----------+-------------------------------------------
     0 | D:1      | snarfax the Minotaur Fighter began the quest for the Orb.
     0 | D:1      | Reached XP level 1. HP: 19/19 MP: 0/0
   120 | D:1      | Found a faded altar of an unknown god.
   726 | D:1      | Reached XP level 2. HP: 17/27 MP: 1/1
   987 | D:2      | Noticed Sigmund
   997 | D:2      | Killed Sigmund
   998 | D:2      | Reached XP level 3. HP: 19/34 MP: 2/2
   998 | D:2      | Reached XP level 4. HP: 23/41 MP: 3/3
   998 | D:2      | Reached XP level 5. HP: 27/47 MP: 4/4
  1430 | D:2      | Reached skill level 5 in Axes
  1841 | D:3      | Identified the amulet "Xosonn" {Spirit rF+ Will+ Str+4}
  1998 | D:3      | Noticed Grinder
  2008 | D:3      | Paralysed by Grinder for 5 turns
  2025 | D:3      | Paralysed by Grinder for 2 turns
  2043 | D:3      | Killed Grinder
  2044 | D:3      | Reached skill level 5 in Fighting
  2044 | D:3      | Reached skill level 5 in Armour
  2044 | D:3      | Reached skill level 5 in Shields
  2044 | D:3      | Reached XP level 6. HP: 35/56 MP: 3/5
  2557 | D:4      | Noticed Natasha
  2565 | D:4      | Killed Natasha
  2566 | D:4      | Reached XP level 7. HP: 61/61 MP: 6/6
  2576 | D:4      | Noticed Menkaure
  2584 | D:4      | Killed Menkaure
  2973 | D:4      | Noticed Eustachio
  2994 | D:4      | Killed Eustachio
  2995 | D:4      | Reached XP level 8. HP: 58/71 MP: 4/7
  3091 | D:4      | You fall into a shaft and drop 2 floors!
  3286 | D:5      | Entered Level 5 of the Dungeon
  3446 | D:4      | Noticed Duvessa
  3449 | D:4      | Noticed Dowan
  3463 | D:4      | Killed Duvessa
  3467 | D:4      | Killed Dowan
  3519 | D:4      | Noticed Natasha
  3527 | D:4      | Killed Natasha
  3659 | D:4      | Noticed Natasha
  3665 | D:4      | Killed Natasha
  4159 | D:5      | Found an iron altar of Okawaru.
  4490 | D:5      | Reached skill level 10 in Axes
  4490 | D:5      | Reached XP level 9. HP: 80/80 MP: 8/8
  4956 | D:6      | Found a staircase to the Ecumenical Temple.
  4966 | Temple   | Entered the Ecumenical Temple
  5039 | Temple   | Became a worshipper of Yredelemnul the Dark
  5254 | D:6      | Reached * piety under Yredelemnul
  5374 | D:6      | Reached ** piety under Yredelemnul
  6027 | D:7      | Found a broken altar of Ashenzari.
  6027 | D:7      | Found a blossoming altar of Fedhas.
  6037 | D:7      | Found a burning altar of Makhleb.
  6635 | D:7      | Found a runed translucent door.
  6636 | D:7      | Noticed Crazy Yiuf
  6641 | D:7      | Killed Crazy Yiuf
  6681 | D:7      | Reached *** piety under Yredelemnul
  6722 | D:8      | Found a staircase to the Lair.
  6796 | D:8      | Reached XP level 10. HP: 44/91 MP: 4/9
  7637 | D:8      | Reached skill level 10 in Armour
  7639 | D:8      | Reached skill level 10 in Fighting
  7834 | D:8      | Reached **** piety under Yredelemnul
  7926 | D:8      | Found a white marble altar of Elyvilon.
  7993 | D:8      | Found a bloodstained altar of Trog.
  8002 | D:8      | Reached ***** piety under Yredelemnul
  8083 | D:8      | Noticed a +0 dagger
  8085 | D:8      | Noticed a +0 hand axe
  8089 | D:8      | Found a hide-covered altar of Uskayaw.
  8696 | D:9      | Noticed a two-headed ogre
  8707 | D:9      | Killed a two-headed ogre
  8708 | D:9      | Reached skill level 1 in Invocations
  8708 | D:9      | Reached XP level 11. HP: 88/101 MP: 7/11
  9111 | D:9      | Found a staircase to the Orcish Mines.
  9360 | D:9      | Noticed a two-headed ogre
  9369 | D:9      | Killed a two-headed ogre
  9722 | D:9      | Noticed a boulder beetle
  9739 | D:9      | Killed a boulder beetle
 10023 | D:10     | Entered Level 10 of the Dungeon
 10312 | D:10     | Noticed a two-headed ogre
 10320 | D:10     | Killed a two-headed ogre
 10600 | D:10     | Reached skill level 5 in Invocations
 10821 | D:10     | Identified the +0 leather armour "Seyru" {Harm *Corrode
                  | rElec rF+ rN+}
 11000 | D:10     | Reached ****** piety under Yredelemnul
 11178 | D:10     | Found a stormy altar of Qazlal.
 11179 | D:10     | Found a glowing golden altar of the Shining One.
 11347 | D:11     | Identified the +2 leather armour of Restlessness {Int+2}
 11471 | D:11     | Identified the +1 robe "Yreypt" {Str+4}
 11473 | D:11     | Noticed a red ugly thing
 11481 | D:11     | Killed a red ugly thing
 11599 | D:11     | Noticed a white ugly thing
 11608 | D:11     | Killed a white ugly thing
 11879 | D:11     | Noticed Erica
 11884 | D:11     | Reached XP level 12. HP: 99/113 MP: 12/15
 11901 | D:11     | Killed Erica
 11974 | Lair:1   | Entered Level 1 of the Lair of Beasts
 12386 | Orc:1    | Entered Level 1 of the Orcish Mines
 13455 | D:8      | Noticed Amaemon
 13466 | Lair:1   | Found a runed translucent door.
 13546 | Lair:1   | Noticed an eight-headed hydra
 13555 | Lair:1   | Killed a five-headed hydra
 13556 | Lair:1   | Reached skill level 15 in Axes
 14138 | Lair:1   | Noticed Jethan's ghost (journeyman DjHW)
 15133 | Lair:3   | Noticed a seven-headed hydra
 15141 | Lair:3   | Killed a two-headed hydra
 15307 | Lair:3   | Found a hole to the Spider Nest.
 15358 | Lair:3   | Reached XP level 13. HP: 54/124 MP: 7/17
 16001 | Lair:3   | Found a staircase to the Shoals.
 16311 | Lair:4   | Found a runed translucent door.
 16312 | Lair:4   | Found a viscous altar of Jiyva.
 16313 | Lair:4   | Noticed an azure jelly
 16313 | Lair:4   | Noticed an azure jelly
 16314 | Lair:4   | Found a staircase to the Slime Pits.
 16314 | Lair:4   | Noticed an azure jelly
 16555 | Lair:4   | Noticed Sonja
 16563 | Lair:4   | Killed Sonja
 16713 | Lair:4   | Noticed Snorg
 16729 | Lair:4   | Killed Snorg
 16739 | Lair:4   | Reached skill level 15 in Armour
 16757 | Lair:4   | Reached skill level 15 in Fighting
 17188 | Lair:4   | Your ally Snorg died
 18308 | Lair:5   | Entered Level 5 of the Lair of Beasts
 19115 | Lair:5   | Reached XP level 14. HP: 82/138 MP: 16/18
 20735 | Lair:5   | Identified the +6 rapier of an ossuary {venom, rElec rF+}
 21441 | D:8      | Killed Amaemon
 21930 | Orc:1    | Found Gekas's Magic Scroll Emporium.
 21956 | Orc:1    | Bought a scroll of teleportation for 45 gold pieces
 21956 | Orc:1    | Bought a scroll of blinking for 112 gold pieces
 21956 | Orc:1    | Bought a scroll of teleportation for 45 gold pieces
 22261 | Orc:2    | Entered Level 2 of the Orcish Mines
 22351 | Orc:2    | Found Meocuylir's Distillery.
 22369 | Orc:2    | Bought a potion of haste for 180 gold pieces
 22369 | Orc:2    | Bought a potion of curing for 54 gold pieces
 22369 | Orc:2    | Bought a potion of curing for 54 gold pieces
 22427 | Orc:2    | Found a staircase to the Elven Halls.
 23352 | Orc:2    | Found Diogh's Weapon Shop.
 23352 | Orc:2    | Found Urubbink's Antique Armour Shop.
 23360 | Orc:2    | Found Uxatzedd's Jewellery Boutique.
 23362 | Orc:2    | Found Jelailin's Magic Scroll Boutique.
 23365 | Orc:2    | Bought a +2 war axe of freezing for 219 gold pieces
 23369 | Orc:2    | Bought a shiny kite shield for 277 gold pieces
 23609 | Orc:2    | Bought an amulet of reflection for 330 gold pieces
 24771 | D:13     | Reached XP level 15. HP: 144/150 MP: 16/19
 25156 | D:13     | Found Qukkyi's Antique Weapon Boutique.
 25159 | D:13     | Bought a broad axe for 104 gold pieces
 25796 | D:13     | Found a gate to the Vaults.
 25807 | D:13     | Identified the +1 ring mail "Etacs" {Will+}
 26695 | D:14     | Found an ornate altar of the Wu Jian Council.
 26916 | D:15     | Entered Level 15 of the Dungeon
 27348 | D:15     | Found a staircase to the Depths.
 28318 | Shoals:1 | Entered Level 1 of the Shoals
 30253 | Shoals:2 | Found a runed translucent gate.
 30253 | Shoals:2 | Found a runed translucent gate.
 30253 | Shoals:2 | Found a runed translucent gate.
 30254 | Shoals:2 | Noticed a frost giant
 30261 | Shoals:2 | Noticed a frost giant
 30645 | Shoals:2 | Identified the ring "Waren" {rF- rC++ EV+4 Str+2}
 30739 | Shoals:2 | Killed a frost giant
 30740 | Shoals:2 | Reached XP level 16. HP: 107/162 MP: 20/20
 32179 | Shoals:4 | Entered Level 4 of the Shoals
 32687 | Shoals:4 | Reached skill level 10 in Shields
 34102 | Abyss:2  | Found a corrupted altar of Lugonu.
 34102 | Abyss:2  | Cast into level 2 of the Abyss (merfolk impaler)
 34143 | Abyss:2  | Noticed a bone dragon
 34407 | Abyss:2  | Noticed a tentacled starspawn
 34643 | Abyss:4  | Noticed a tentacled starspawn
 34695 | Abyss:4  | Noticed a dread lich
 34702 | Abyss:4  | Noticed an Executioner
 34708 | Abyss:4  | Killed a tentacled starspawn
 34826 | Abyss:5  | Mangled by a large abomination

Illustrated notes

Levels and vault maps discovered:
D:1:      dpeg_arrival_lava_altar, layout_loops_ring,
          ebering_ecumenical_altar_mist, grunt_decor_mini_mirrors
D:2:      layout_basic, kennysheep_small_spiral, minmay_pentomino_s2,
          uniq_sigmund
D:3:      layout_rooms, uniq_grinder
D:4:      nicolae_cairo_tiling_very_big, layout_cave_pools, serial_column_ruins,
          column_ruins_pillar_10, column_ruins_pillar_1, column_ruins_pillar_2,
          column_ruins_pillar_3, column_ruins_pillar_5, column_ruins_pillar_1,
          column_ruins_pillar_2, column_ruins_pillar_1, column_ruins_pillar_7,
          column_ruins_pillar_6, column_ruins_pillar_1, column_ruins_pillar_1,
          column_ruins_pillar_2, column_ruins_pillar_12, column_ruins_pillar_1,
          column_ruins_pillar_9, column_ruins_pillar_1, column_ruins_pillar_12,
          column_ruins_pillar_1, column_ruins_pillar_2,
          nicolae_kite_square_tiling_tiny, grunt_ministairs_13,
          kennysheep_crisscross, uniq_menkaure, uniq_duvessa, uniq_eustachio,
          uniq_natasha
D:5:      layout_loops_ring, okawaru_ov_weapons_minmay
D:6:      layout_basic, minmay_temple_entry_mist, minivault_5,
          minmay_gold_behind_fungi
D:7:      layout_loops_cross, overflow_temple_1_default,
          nicolae_overflow_hidden_temple, lightli_corner_chamber,
          uniq_crazy_yiuf_cottage
D:8:      layout_rooms, lemuel_doored_altar, dancing_weapons_uskayaw,
          trog_ov_bears_minmay, david_lair_generic, serial_ice, serial_ice_c,
          serial_ice_n, serial_ice_h, serial_ice_i, serial_ice_o, serial_ice_m,
          serial_ice_a, serial_ice_f
D:9:      layout_gridville, david_orc_3
D:10:     layout_long_grid, gammafunk_temple_overflow_statue, fungi_pond_lemuel,
          kennysheep_small_circle
D:11:     layout_long_grid, kennysheep_small_square, uniq_erica
D:12:     layout_grid_maze, st_stairs_6
D:13:     layout_loops_ring, david_vaults_4, serial_shops,
          nicolae_shop_behind_doors, grunt_decor_junction, nrook_loot_triangle
D:14:     layout_loops_cross, lemuel_coloured_pillars_altar
D:15:     gammafunk_depths_entry_grave, layout_basic, corexii_leaking_fountain
Temple:   oiseaux_autumnal_temple
Lair:1:   layout_cave_shapes, ebering_ghost_reflecting_pool,
          lemuel_fruit_fields, uniq_amaemon
Lair:2:   layout_roguey, serial_bayou_crossing
Lair:3:   layout_roguey, shoals_dummy_entry, dummy_spider_entry,
          lemuel_fruit_fields, serial_bayou_shore_a
Lair:4:   layout_regular_city, slime_entry_2, bobbens_ice_dragon_lair,
          uniq_snorg, uniq_sonja
Lair:5:   hangedman_lair_caniforms_friends, layout_small_grid,
          guppyfry_lair_end_dragon, serial_bayou_lake_a,
          infiniplex_staircase_pool
Shoals:1: layout_shoals
Shoals:2: layout_shoals, nicolae_shoals_beach_cooler
Shoals:3: layout_shoals
Shoals:4: shoals_end_simple, layout_shoals, lightli_airlock
Orc:1:    layout_diamond_mine, serial_shops, shop_statue
Orc:2:    st_orc_mages, layout_caves, serial_shops, nicolae_shop_window_shopping
Abyss:5:  base: D:6, evilmike_abyss_exit_4, nicolae_abyss_rune_star_stuff,
          evilmike_abyss_exit_mutagenic

Skill      XL: |  1  2  3  4  5  6  7  8  9 10 11 12 13 14 15 16 |
---------------+-------------------------------------------------+-----
Axes           | 3 4 6 8 10 12 14 15 16 17 18 | 18.0
Fighting       | 4 5 6 7 9 10 12 14 16 18 19 21 | 21.1
Armour         | 4 5 6 7 9 10 12 14 16 18 19 21 | 21.1
Shields        | 4 5 9 10 | 10.0
Invocations    | 1 5 7 |  7.0

Action                   |  1- 3 |  4- 6 |  7- 9 | 10-12 | 13-15 | 16-18 || total
-------------------------+-------+-------+-------+-------+-------+-------++-------
Melee: War axe           |    31 |    95 |   309 |   551 |   771 |       ||  1757
       Headbutt          |     7 |    15 |    46 |   109 |   266 |    79 ||   522
       Scimitar          |       |       |       |    10 |    23 |       ||    33
       Broad axe         |       |       |       |       |   292 |   320 ||   612
Throw: Throwing net      |       |     1 |     2 |       |       |       ||     3
       Javelin           |       |       |     2 |     2 |     1 |       ||     5
       Dart              |       |       |       |    23 |    45 |       ||    68
       Boomerang         |       |       |       |       |       |     2 ||     2
Invok: Drain Life        |       |       |       |       |     1 |       ||     1
  Use: Scroll            |       |    15 |     2 |     7 |     9 |     6 ||    39
       Potion            |       |       |       |    10 |    10 |    19 ||    39
 Stab: Distracted        |       |       |       |     3 |    10 |     2 ||    15
Armor: Plate armour      |    17 |    50 |   210 |   377 |   805 |   219 ||  1678
Dodge: Dodged            |     7 |    30 |    79 |   181 |   344 |   103 ||   744
Block: Buckler           |    10 |    13 |    65 |   103 |   129 |       ||   320
       Kite shield       |       |       |       |       |   330 |   268 ||   598
       Reflection        |       |       |       |       |    27 |    32 ||    59

Table legend: (Time is in decaauts)
 A = Elapsed time spent in this place.
 B = Non-inter-level travel time spent in this place.
 C = Inter-level travel time spent in this place.
 D = Time resting spent in this place.
 E = Time spent auto-exploring this place.
 F = Levels seen in this place.
 G = Mean time per level.
                   A        B        C        D        E       F      G
               +--------+--------+--------+--------+--------+-----+--------+
         Total |  34816 |  33313 |   1503 |   7929 |  19051 |  31 | 1123.1 |
       Dungeon |  17750 |  16803 |    947 |   2959 |  11285 |  15 | 1183.3 |
        Temple |    103 |     74 |     29 |      0 |     60 |   1 |  103.0 |
          Lair |   8029 |   7739 |    290 |   1713 |   4613 |   5 | 1605.8 |
        Shoals |   5951 |   5803 |    148 |   2303 |   2305 |   4 | 1487.8 |
  Orcish Mines |   2325 |   2238 |     87 |    740 |    780 |   2 | 1162.5 |
         Abyss |    656 |    656 |      0 |    213 |      8 |   4 |  164.0 |
               +--------+--------+--------+--------+--------+-----+--------+

Top non-repeatable levels by time:
  Lair:5: 2879 daAuts
     D:9: 2576 daAuts
  Lair:4: 2176 daAuts
Shoals:3: 2077 daAuts
Shoals:2: 2002 daAuts
     D:8: 1534 daAuts
    D:13: 1500 daAuts
     D:7: 1386 daAuts
    D:10: 1324 daAuts
   Orc:1: 1232 daAuts
     D:4: 1221 daAuts
  Lair:3: 1205 daAuts
    D:14: 1093 daAuts
   Orc:2: 1092 daAuts
     D:5: 1065 daAuts
